 Dungeon Crawl Stone Soup version 0.31.0-11-ge490571c62 (webtiles) character file.

Game seed: 9106319013842375015

830 jjjjj the Covered (level 7, -2/61 HPs)
             Began as a Hill Orc Fighter on Feb 8, 2024.
             Slain by a gnoll
             ... wielding a +0 spear
             ... led by a gnoll bouda
              (4 damage)
             ... on level 5 of the Dungeon.
             The game lasted 00:13:58 (3785 turns).

jjjjj the Covered (Hill Orc Fighter)                Turns: 3785, Time: 00:13:58

Health: -2/61      AC: 13    Str: 21    XL:     7   Next: 97%
Magic:  7/7        EV:  8    Int:  8    God:
Gold:   180        SH:  4    Dex: 10    Spells: 5/6 levels left

rFire   . . .        g - +7 Throatcutter {drain, coup de grace}
rCold   . . .        c - +0 buckler
rNeg    . . .        f - +3 chain mail
rPois   .            (no helmet)
rElec   .            (no cloak)
rCorr   .            (no gloves)
SInv    .            (no boots)
Will    .....        (no amulet) Stlth
                     (no ring)
HPRegen 0.30/turn    (no ring)
MPRegen 0.10/turn

%: no passive effects
@: lethally poisoned (-2 -> -7)
A: no striking features
a: no special abilities


You were on level 5 of the Dungeon.
You visited 1 branch of the dungeon, and saw 5 of its levels.

You collected 180 gold pieces.

Inventory:

Hand Weapons
 a - a +0 war axe
 g - the +7 Throatcutter (weapon) {drain, coup de grace}
   (You found it on level 3 of the Dungeon)
Armour
 c - a +0 buckler (worn)
 f - a +3 chain mail (worn)
 k - a +0 plate armour
Wands
 r - a wand of polymorph (3)
Scrolls
 e - 2 scrolls of fear
 j - 4 scrolls of teleportation
 n - 2 scrolls of amnesia
 o - a scroll of summoning {unknown}
 p - a scroll of revelation {unknown}
 q - a scroll of enchant weapon {unknown}
 s - a scroll of noise {unknown}
Potions
 b - a potion of resistance
 d - a potion of might
 h - 4 potions of mutation {unknown}
 i - 3 potions of curing {unknown}
 l - a potion of heal wounds {unknown}
 m - a potion of invisibility {unknown}
 t - a potion of enlightenment {unknown}


   Skills:
 + Level 5.1 Fighting
 + Level 4.8 Long Blades
 + Level 5.3 Axes
 + Level 5.5 Armour
 + Level 1.0 Dodging
 + Level 1.2 Stealth
 + Level 4.5 Shields


You had 5 spell levels left.
You knew the following spells:

 Your Spells              Type           Power      Damage    Failure   Level
a - Slow                  Hex            0%         N/A       98%         1

Your spell library contained the following spells:

 Spells                   Type           Power      Damage    Failure   Level
 Sting                    Conj/Alch      0%         1d3       98%         1
 Mercury Vapours          Alch/Air       0%         N/A       99%         2
 Confusing Touch          Hex            0%         N/A       100%        3
 Sigil of Binding         Hex            0%         N/A       100%        3
 Vampiric Draining        Necr           0%         2d6       100%        3
 Olgreb's Toxic Radiance  Alch           0%         N/A       100%        4
 Malign Gateway           Summ/Tloc      0%         N/A       100%        7
 Summon Horrible Things   Summ           0%         N/A       100%        8


Dungeon Overview and Level Annotations

Branches:
Dungeon (5/15)
 Temple: D:4-7

Altars:
Ru
The Shining One

Annotations:
D:4 3 runed translucent doors, turdburglar's ghost, amateur MfSh


Message History

The gnoll hits you from afar with a +0 spear.
The iguana bites you. The scorpion stings you.
You hit the iguana. You drain the iguana.
The iguana is heavily wounded.
You feel sick. You block the gnoll's attack.
The scorpion stings you but does no damage.
The iguana barely misses you.
You hit the iguana. You drain the iguana.
The iguana is almost dead.
You feel sick.
The gnoll hits you from afar with a +0 spear.
You block the scorpion's attack.
The iguana bites you but does no damage.
The gnoll hits you but does no damage.
You hit the iguana.
You kill the iguana!
You feel sick. The scorpion stings you.
You are more poisoned.
The scorpion poisons you! The scorpion barely misses you.
The gnoll hits you but does no damage. The gnoll closely misses you.
You hit the scorpion. You drain the scorpion.
The scorpion is moderately wounded.
You feel very sick.
The scorpion stings you but does no damage.
The gnoll hits you from afar with a +0 halberd.
* * * LOW HITPOINT WARNING * * *
The gnoll hits you but does no damage.
The scorpion stings you but does no damage.
You hit the scorpion.
You behead the scorpion!
You kill the scorpion!
* * * LOW HITPOINT WARNING * * *
You feel very sick. The gnoll barely misses you.
The gnoll hits you from afar with a +0 spear.
* * * LOW HITPOINT WARNING * * *
You block the gnoll's attack.
* * * LOW HITPOINT WARNING * * *
You feel sick.
The gnoll hits you from afar with a +0 spear.
You die...

..............#
.............#
.............#
............####
...............#
......g.....#...
..........g.# .
....#..†.[.##
...####.@).# #..
#.#...# ..
#.#...# .......#
...#.....#
....#....##
##.........
##....#..##


You could see 2 gnolls.

Vanquished Creatures
  Pikel (D:4)
  A scorpion (D:5)
  A hound (D:4)
  An orc priest (D:4)
  A gnoll bouda (D:5)
  2 iguanas (D:5)
  Natasha (thrice) (D:4)
  3 gnolls
  5 adders
  3 dart slugs
  A ribbon worm (D:2)
  3 orcs (D:4)
  4 endoplasms
  2 giant cockroaches (D:3)
  2 goblins
  11 hobgoblins
  5 jackals
  3 quokkas
  4 ball pythons
  3 bats
  4 frilled lizards
  6 kobolds
  3 rats
72 creatures vanquished.

Notes
Turn   | Place    | Note
-------+----------+-------------------------------------------
     0 | D:1      | jjjjj the Hill Orc Fighter began the quest for the Orb.
     0 | D:1      | Reached XP level 1. HP: 19/19 MP: 1/1
   200 | D:1      | Reached XP level 2. HP: 27/27 MP: 2/2
   370 | D:1      | Learned a level 1 spell: Slow
   636 | D:2      | Reached XP level 3. HP: 19/33 MP: 3/3
  1131 | D:2      | Found a faded altar of an unknown god.
  1537 | D:3      | Reached XP level 4. HP: 40/40 MP: 4/4
  1665 | D:3      | Found a glowing golden altar of the Shining One.
  2172 | D:3      | Found a sacrificial altar of Ru.
  2253 | D:3      | Identified the +7 falchion of Yredelemnul's Reproof
                  | {freeze, rF+ rC+ Dex-5}
  2497 | D:3      | Found the +7 Throatcutter {drain, coup de grace}
  2846 | D:4      | Found a runed translucent gate.
  2846 | D:4      | Found a runed translucent gate.
  2846 | D:4      | Found a runed translucent gate.
  2846 | D:4      | Noticed turdburglar's ghost (amateur MfSh)
  2849 | D:4      | Identified the +0 hand axe "Vetemu" {flame, rCorr}
  2852 | D:4      | Identified the +1 chain mail "Keohoax" {^Contam Int+5}
  2852 | D:4      | Noticed an orc warrior
  3166 | D:4      | Noticed Natasha
  3173 | D:4      | Killed Natasha
  3174 | D:4      | Reached XP level 5. HP: 41/46 MP: 5/5
  3229 | D:4      | Noticed Natasha
  3233 | D:4      | Killed Natasha
  3240 | D:4      | Noticed Pikel
  3240 | D:4      | Noticed a lemure
  3251 | D:4      | Killed Pikel
  3252 | D:4      | Reached skill level 5 in Axes
  3252 | D:4      | Reached skill level 5 in Armour
  3252 | D:4      | Reached skill level 1 in Dodging
  3252 | D:4      | Reached XP level 6. HP: 39/55 MP: 6/6
  3252 | D:4      | Reached XP level 7. HP: 42/60 MP: 7/7
  3387 | D:4      | Noticed Natasha
  3393 | D:4      | Killed Natasha
  3394 | D:4      | Reached skill level 1 in Stealth
  3514 | D:5      | Entered Level 5 of the Dungeon
  3627 | D:5      | Reached skill level 5 in Fighting
  3785 | D:5      | HP: 2/61 [poisoned by a scorpion]
  3785 | D:5      | Slain by a gnoll

Illustrated notes

Levels and vault maps discovered:
D:1:      roderic_dead_forest, layout_basic, minmay_misc_feat_more_columns
D:2:      layout_loops_ring, shapermc_ecumenical_altar_ellora,
          nicolae_hexahallways
D:3:      wad_lake_hut, layout_loops_cross, nicolae_tso_carved_into_rock,
          lemuel_round_altar, serial_glass, glass_columns_a, glass_columns_a,
          minmay_strange_pillars, feat_on_display, minmay_strange_pillars
D:4:      layout_loops_ring, biasface_ghost_orc_armoury, uniq_natasha,
          uniq_pikel, uniq_menkaure
D:5:      layout_cave_pools, nicolae_overflow_guarded_unrand_okawaru_victory,
          amcnicky_mini_pool_small, minmay_statues_item, uniq_duvessa

Skill      XL: |  1  2  3  4  5  6  7 |
---------------+----------------------+-----
Axes           | 3 4 5 |  5.3
Armour         | 4 5 |  5.5
Shields        | 4 |  4.5
Fighting       | 4 5 |  5.1
Long Blades    | 3 4 |  4.8
Dodging        | 1 |  1.0
Stealth        | 1 |  1.2

Action                     |  1- 3 |  4- 6 |  7- 9 || total
---------------------------+-------+-------+-------++-------
  Melee: War axe           |    98 |    23 |       ||   121
         Long sword        |       |    28 |    33 ||    61
    Use: Scroll            |     4 |     6 |       ||    10
 Armour: Scale mail        |    12 |       |       ||    12
         Chain mail        |   103 |    42 |    66 ||   211
  Dodge: Dodged            |    55 |    20 |    24 ||    99
  Block: Buckler           |    38 |    13 |    20 ||    71
